 Dungeon Crawl Stone Soup version 0.19.1 (webtiles) character file.

49 Dfrag the Firebug (level 3, -2/24 HPs)
             Began as a Demonspawn Fire Elementalist on Nov 29, 2016.
             Slain by a worm (9 damage)
             ... on level 2 of the Dungeon.
             The game lasted 00:02:05 (1049 turns).

Dfrag the Firebug (Demonspawn Fire Elementalist)    Turns: 1049, Time: 00:02:06

Health: -2/24      AC:  2    Str:  8    XL:     3   Next: 51%
Magic:  0/7        EV: 12    Int: 17    God:
Gold:   50         SH:  0    Dex: 13    Spells: 1 memorised, 6 levels left

rFire  . . .     SeeInvis .     (no weapon)
rCold  . . .     Gourm    .     a - +0 robe
rNeg   . . .     Faith    .     (no shield)
rPois  .         Spirit   .     (no helmet)
rElec  .         Reflect  .     (no cloak)
rCorr  .         Harm     .     (no gloves)
MR     .....                    (no boots)
Stlth  ++........               (no amulet)
                                (no ring)
                                (no ring)

@: no status effects
A: hooves 1, powered by death 1
a: no special abilities


You were on level 2 of the Dungeon.
You were not hungry.

You visited 1 branch of the dungeon, and saw 2 of its levels.

You collected 50 gold pieces.

Inventory:

Armour
 a - a +0 robe (worn)
Scrolls
 e - a scroll of identify {unknown}
 h - a scroll of teleportation {unknown}
 j - a scroll of recharging {unknown}
Potions
 d - a potion of heal wounds {unknown}
 f - a potion of invisibility {unknown}
 g - a potion of curing {unknown}
 k - a potion of ambrosia {unknown}
Books
 b - a book of Flames

   Spells                             Type                      Level
   a - Flame Tongue                   Conjuration/Fire             1
   b - Throw Flame                    Conjuration/Fire             2
   c - Conjure Flame                  Conjuration/Fire             3
   d - Inner Flame                    Hexes/Fire                   3
   e - Sticky Flame                   Conjuration/Fire             4
   f - Fireball                       Conjuration/Fire             5
Comestibles
 c - 3 bread rations
 i - a chunk of flesh


   Skills:
 - Level 1.7 Dodging
 - Level 1.7 Stealth
 + Level 2.6 Spellcasting
 + Level 2.0 Conjurations
 + Level 3.2 Fire Magic


You had 6 spell levels left.
You knew the following spells:

 Your Spells              Type           Power        Failure   Level  Hunger
a - Flame Tongue          Conj/Fire      ##...        10%         1    #......


Dungeon Overview and Level Annotations

Branches:
Dungeon (2/15)

Altars:


Innate Abilities, Weirdness & Mutations

You have large cloven feet.
You regenerate a little health from kills.


Message History

The worm misses you.
You hit the worm but do no damage. You hit the worm but do no damage.
The worm bites you!
You hit the worm.
The worm is lightly wounded.
You hit the worm but do no damage.
The worm is lightly wounded.
The worm bites you.
You completely miss the worm. Your kick misses the worm. The worm bites you!
* * * LOW HITPOINT WARNING * * *
You hit the worm but do no damage. You kick the worm, but do no damage.
Casting: Flame Tongue
Confirm with . or Enter, or press ? or * to list all spells.
Aiming: Flame Tongue
Press: ? - help, Shift-Dir - straight line, f - worm
Aim: a worm The flame tongue hits the worm.
The worm is lightly wounded.
The worm bites you!
You die...

.......# #......## #
##.......####.#
#.............# ######
#............ #.....
#..........# #.####
#.....w.#.# #.#
#....@##.### #.#
#...†......### #.####
###..........#.##.....
#).#######.#......##
######.(# #........##
........# #..........
#######.# #........##
#.# #.......... #.#
#....###.##


You could see a worm.

Vanquished Creatures
  An adder (D:2)
  An ooze (D:2)
  A dart slug (D:1)
  A leopard gecko (D:2)
  A ball python (D:2)
  3 bats (D:1)
  A giant cockroach (D:1)
  5 goblins
  2 hobgoblins
  2 jackals (D:1)
  A quokka (D:2)
  2 frilled lizards
  6 kobolds
  4 rats
31 creatures vanquished.

Notes
Turn   | Place    | Note
-------+----------+-------------------------------------------
     0 | D:1      | Dfrag the Demonspawn Fire Elementalist began the quest for the Orb.
     0 | D:1      | Reached XP level 1. HP: 13/13 MP: 3/3
   269 | D:1      | Gained mutation: You regenerate a little health from kills. [demonic ancestry]
   269 | D:1      | Reached XP level 2. HP: 15/19 MP: 1/5
   508 | D:1      | Reached skill level 3 in Fire Magic
   934 | D:2      | Gained mutation: You have large cloven feet. [demonic ancestry]
   934 | D:2      | Reached XP level 3. HP: 24/24 MP: 0/6
  1049 | D:2      | Slain by a worm

Skill      XL: |  1  2  3 |
---------------+----------+-----
Fire Magic     | 3 |  3.2
Conjurations   | 2 |  2.0
Dodging        | |  1.7
Stealth        | |  1.7
Spellcasting   | |  2.6

Action                   || total
-------------------------++-------
Melee: Unarmed           ||    66
       Kick              ||     3
 Cast: Flame Tongue      ||    56
  Eat: Chunk             ||     1
Armor: Robe              ||    22
Dodge: Dodged            ||    81
